 Dungeon Sprint DCSS version 0.27.1-34-g3ba077fa99 (webtiles) character file.

Game seed: 13424968580215270412

0 boopmooplesden the Twirler (level 1, -4/27 HPs)
             Began as a Minotaur Gladiator on Jan 5, 2022.
             Slain by an orc priest (5 damage)
             ... in the Dungeon (Sprint VII: "The Pits").
             The game lasted 00:00:11 (18 turns).

boopmooplesden the Twirler (Minotaur Gladiator)       Turns: 18, Time: 00:00:11

Health: -4/27      AC:  3    Str: 18    XL:     1   Next: 0%
Magic:  0/0        EV: 12    Int:  5    God:
Gold:   0          SH:  0    Dex: 11    Spells: 0/0 levels left

rFire    . . .     SeeInvis .   a - +0 quarterstaff
rCold    . . .     Faith    .   (shield currently unavailable)
rNeg     . . .     Spirit   .   b - +0 leather armour
rPois    .         Reflect  .   c - +0 hat
rElec    .         Harm     .   (no cloak)
rCorr    .         Rampage  .   (no gloves)
Will     .....     NoTele   +   (no boots)
Stlth    ..........             (no amulet)
HPRegen  0.09/turn              (no ring)
MPRegen  0.07/turn              (no ring)

@: berserking (expiring), very quick
A: horns 2, retaliatory headbutt
a: no special abilities


You were in the Dungeon.
You visited 1 branch

Inventory:

Hand Weapons
 a - a +0 quarterstaff (weapon)
Missiles
 d - 3 throwing nets (quivered)
Armour
 b - a +0 leather armour (worn)
 c - a +0 hat (worn)
Scrolls
 j - a scroll of blinking
Potions
 e - a potion of curing
 f - a potion of heal wounds
 g - a potion of haste
 h - 2 potions of magic


   Skills:
 + Level 2.4 Fighting
 + Level 3.6 Staves
 + Level 2.0 Throwing
 + Level 3.2 Dodging


You couldn't memorise any spells.
You didn't know any spells.
Your spell library was empty.

Dungeon Overview and Level Annotations

Branches:
Dungeon (1/1)

Altars:


Innate Abilities, Weirdness & Mutations

You have a pair of horns on your head.
You reflexively headbutt those who attack you in melee.


Message History

Press ? for a list of commands and other information.
Found a staircase leading out of the dungeon.
You open the door.
There is an open door to the Entrance Hall (Safe) here.
You open the huge gate.
An orc priest and an orc wizard come into view.
The orc priest shouts!
The orc priest mumbles some strange prayers to Beogh against you.
Pain shoots through your body!
An orc priest comes into view. It is wielding a +0 whip.
There is a huge open gate to the Metal Vault (Medium) here.
A red film seems to cover your vision as you go berserk!
You feel yourself moving faster!
You feel mighty!
A white imp comes into view.
You feel a strong urge to attack something.
The white imp shouts, "Return whence thou came, thou fawning bat-fowling measle!"
The orc priest calls down the wrath of Beogh upon you.
Beogh smites you!
There is a huge open gate to the Metal Vault (Medium) here.
An orc and a red devil come into view.
The orc is wielding a +0 vampiric whip.
The orc shouts!
The orc wizard hits you with a +0 dagger.
* * * LOW HITPOINT WARNING * * *
An orc priest comes into view. It is wielding a +0 trident.
The white imp shouts, "Run away, thou weedy toad-spotted tinkerer!"
You feel your anger nearly subside. The orc priest hits you with a +0 whip.
* * * LOW HITPOINT WARNING * * *
The orc wizard hits you but does no damage.
You barely miss the orc priest. Your headbutt misses the orc priest.
The orc priest misses you.
You hit the orc priest. You headbutt the orc priest!
You kill the orc priest!
The orc wizard misses you. You furiously retaliate!
You headbutt the orc wizard. The white imp gestures at you.
The puff of frost hits you.
* * * LOW HITPOINT WARNING * * *
The orc priest hits you with a +0 hand axe.
You die...

#......#..#......#
#................+
+................+
#......#..#......#
#................#
####'#####''######
#.......##''#
#.......##o.#
#.......##o@#
#...<...##.)#
#.......##.5#
#.......##o4#
#.......##.o.
##########... #...
#..##


You could see a red devil, 2 orc priests, an orc wizard, a white imp and an orc.

Vanquished Creatures
  An orc priest (D)
1 creature vanquished.

Notes
Turn   | Place    | Note
-------+----------+-------------------------------------------
     0 | D        | boopmooplesden the Minotaur Gladiator began the quest for
                  | the Orb.
     0 | D        | Reached XP level 1. HP: 18/18 MP: 0/0
    11 | D        | Noticed an orc priest
    11 | D        | Noticed an orc wizard
    11 | D        | Noticed an orc priest
    15 | D        | Noticed a red devil
    15 | D        | Noticed an orc priest
    18 | D        | Killed an orc priest
    18 | D        | HP: 1/27 [white imp/puff of frost (4)]
    18 | D        | Slain by an orc priest

Illustrated notes

Levels and vault maps discovered:
D:        pitsprint [storerooms_1, entrance_room_1, metal_vault_3, armoury_1,
          mini_pit_1, grid_room_1, main_hall_1, silver_pit, the_coven_3,
          the_vestibule_1, steel_vault_5, golden_pit, hallway_of_sentries,
          crystal_vault_5, iron_vault_1, final_vault]

Action                   || total
-------------------------++-------
Melee: Quarterstaff      ||     2
       Headbutt          ||     1
  Use: Potion            ||     1
Armor: Leather armour    ||     1
Dodge: Dodged            ||     2
